 Dungeon Crawl Stone Soup version 0.31.0-10-gcf4a605ca0 (webtiles) character file.

Game seed: 13354246614264250615

42 zenocrate the Sneak (level 3, -5/16 HPs)
             Began as a Vine Stalker Enchanter on Jan 26, 2024.
             Slain by Sigmund
             ... wielding a +0 scythe
              (9 damage)
             ... on level 2 of the Dungeon.
             The game lasted 00:01:18 (1020 turns).

zenocrate the Sneak (Vine Stalker Enchanter)        Turns: 1020, Time: 00:01:18

Health: -5/16      AC:  2    Str: 10    XL:     3   Next: 56%
Magic:  0/7        EV: 12    Int: 15    God:
Gold:   59         SH:  0    Dex: 16    Spells: 1/6 levels left

rFire   . . .        a - +1 dagger
rCold   . . .        (no shield)
rNeg    . . .        b - +0 robe
rPois   .            (no helmet)
rElec   .            (no cloak)
rCorr   .            (no gloves)
SInv    .            (no boots)
Will    .....        (no amulet)
Stlth   +++          (no ring)
HPRegen 1.02/turn    (no ring)
MPRegen 0.10/turn

%: guardian spirit
@: invisible
A: fangs 2, regeneration 1, magic shield, antimagic bite, no potion heal 2
a: no special abilities


You were on level 2 of the Dungeon.
You visited 1 branch of the dungeon, and saw 2 of its levels.

You collected 59 gold pieces.

Inventory:

Hand Weapons
 a - a +1 dagger (weapon)
Armour
 b - a +0 robe (worn)
Scrolls
 d - 2 scrolls of identify
Potions
 c - a potion of invisibility
 e - 2 potions of enlightenment
 g - 3 potions of curing {unknown}


   Skills:
 + Level 1.5 Short Blades
 + Level 1.9 Dodging
 + Level 4.1 Stealth
 - Level 2.1 Spellcasting
 * Level 3.5 Hexes
 + Level 0.7 Ice Magic


You had one spell level left.
You knew the following spells:

 Your Spells              Type           Power      Damage    Failure   Level
a - Ensorcelled Hibernat  Hex/Ice        16%        N/A       14%         2
b - Confusing Touch       Hex            12%        N/A       16%         3

Your spell library contained the following spells:

 Spells                   Type           Power      Damage    Failure   Level
 Tukima's Dance           Hex            12%        N/A       16%         3
 Dazzling Flash           Conj/Hex       12%        N/A       32%         3


Dungeon Overview and Level Annotations

Branches:
Dungeon (2/15)

Altars:

Annotations:
D:2 Sigmund


Innate Abilities, Weirdness & Mutations

You have extremely sharp teeth.
Your natural rate of healing is unusually fast.
When hurt, damage is shared between your health and your magic reserves.
Your bite disrupts and absorbs the magic of your enemies.
Potions cannot restore your health.


Message History

The ball python constricts you. The ball python bites you.
As you read the scroll labelled CUNEMAL XATTUM, it crumbles to dust.
You hear a loud clanging noise!
It was a scroll of noise.
You hear a shout! x2
The ball python bites you but does no damage.
The ball python constricts you. Something hits you!
The ball python bites you but does no damage.
As you read the scroll labelled YZUWY BASUNWA, it crumbles to dust.
You feel aware of your surroundings.
It was a scroll of revelation.
The ball python barely misses you. The ball python constricts you.
The ball python barely misses you.
Unknown command.
You escape the ball python's grasp.
The ball python attacks as it pursues you!
The ball python closely misses you. x2
The ball python attacks as it pursues you!
The ball python bites you. The ball python grabs you.
The ball python constricts you.
The ball python bites you but does no damage.
As you read the scroll labelled DATEIRE XANY, it dissolves into smoke.
It was a scroll of fog.
The ball python bites you but does no damage.
The ball python constricts you. The ball python barely misses you.
The ball python bites you but does no damage.
The ball python constricts you. Something hits you!
Ouch! That really hurt!
* * * LOW HITPOINT WARNING * * *
You escape the ball python's grasp.
Unknown command.
You fade into invisibility!
The ball python closely misses you. The ball python barely misses you.
The ball python completely misses you.
Unknown command.
You strike the helpless ball python from behind!
You puncture the ball python!
You kill the ball python!
Something hits you!
Ouch! That really hurt!
You die...

############### ################
################ ################
** ################ *, *******
#####.§§@####### *, ,,,,,,*
#####.§S§#######********, ,,,,,,*
#####.§§{#######,,,,,,,,,
,,,,,,#######.§§§####...,,,,,,,,,
,,,,<,......S....####.##,,,,,,,,,
******#.......######..##,,,,*****
*,,,,..........####.###*,*,,,***
*,,,,..........####.###*,***,,,,
*,,,,.######...####.###*,,,,,,,,


You could see a ball python (unable to see you).

Vanquished Creatures
  An adder (D:2)
  2 dart slugs (D:1)
  A giant cockroach (D:1)
  4 goblins
  A hobgoblin (D:2)
  9 jackals (D:1)
  2 kobolds (D:1)
  2 quokkas
  2 ball pythons
  3 rats
27 creatures vanquished.

Notes
Turn   | Place    | Note
-------+----------+-------------------------------------------
     0 | D:1      | zenocrate the Vine Stalker Enchanter began the quest for
                  | the Orb.
     0 | D:1      | Reached XP level 1. HP: 9/9 MP: 4/4
    72 | D:1      | Reached skill level 1 in Short Blades
    81 | D:1      | Reached XP level 2. HP: 13/13 MP: 6/6
    86 | D:1      | Learned a level 2 spell: Ensorcelled Hibernation
   226 | D:1      | Reached skill level 4 in Stealth
   312 | D:1      | Reached XP level 3. HP: 16/16 MP: 7/7
   316 | D:1      | Learned a level 3 spell: Confusing Touch
   994 | D:2      | Noticed Sigmund
  1020 | D:2      | Slain by Sigmund

Illustrated notes

Levels and vault maps discovered:
D:1:      lightli_arrival_lavapool, layout_rooms, st_stairs_7
D:2:      layout_basic, uniq_sigmund, uniq_jessica

Skill      XL: |  1  2 |
---------------+-------+-----
Short Blades   | 1 |  1.5
Stealth        | 4 |  4.1
Dodging        | |  1.9
Spellcasting   | |  2.1
Hexes          | |  3.5
Ice Magic      | |  0.7

Action                     || total
---------------------------++-------
  Melee: Dagger            ||    99
         Bite              ||    28
   Cast: Ensorcelled Hiber ||     7
    Use: Scroll            ||     4
         Potion            ||     1
   Stab: Sleeping          ||     6
         Invisible         ||     1
 Armour: Robe              ||    71
  Dodge: Dodged            ||    80
